AoeStats
← El pingüino

Arena

510424532Analyzed
3v3 RM · 2d ago on Oct 1, 2026· 30m 51s· 6 players
Game mode
Random Map
Map size
Normal (6 player)
Population
200
Speed
Normal
Resources
Standard
Victory
Conquest
Starting age
Dark Age
Ending age
Imperial Age
RankedLock teamsTeams togetherTeam positionsShared explorationLock speedFull tech treeHidden civsTurbo modeCheats
Victory
Defeat
🇦🇷 Burgundians · Argentina
1470
+8
🇦🇷 Turks · Argentina
1469
+9
🇦🇷 Byzantines · Argentina
1274
+16
🇺🇸 Wu · United States
1408
-16
🇺🇸 Sicilians · United States
1236
-9
🇺🇸 Persians · United States
1214
-8
Thomas the Train
11:10 Feudal Age
10:31 Loom
15:11 Castle Age
14:08 Double-Bit Axe
17:14 Fletching
21:55 Bodkin Arrow
27:28 Padded Archer Armor
27:42 Red Cliffs Tactics
ROHyourBOAT33
10:35 Feudal Age
14:18 Castle Age
13:36 Double-Bit Axe
13:33 Horse Collar
18:16 Loom
19:19 Heavy Plow
21:16 Bloodlines
22:26 Fletching
22:54 Elite Skirmisher
26:22 Bodkin Arrow
26:03 Pikeman
27:01 Padded Archer Armor
SpacyBabushka
10:35 Feudal Age
9:36 Loom
15:37 Castle Age
13:39 Horse Collar
14:01 Double-Bit Axe
14:52 Loom
17:08 Wheelbarrow
18:00 Heavy Plow
20:28 Town Watch
22:40 Scale Barding Armor
24:43 Hand Cart
25:17 Town Patrol
29:10 Imperial Age
28:28 Chain Barding Armor
28:54 Forging
30:11 Bloodlines
30:01 Husbandry
El pingüino
9:10 Loom
11:29 Feudal Age
15:28 Castle Age
14:15 Horse Collar
15:02 Double-Bit Axe
16:51 Wheelbarrow
16:32 Bow Saw
18:30 Hand Cart
21:42 Elite Skirmisher
23:32 Thumb Ring
24:22 Fletching
El Guason
10:02 Feudal Age
11:34 Double-Bit Axe
14:15 Castle Age
12:31 Horse Collar
13:23 Bow Saw
18:08 Heavy Plow
19:58 Wheelbarrow
19:29 Gold Mining
20:56 Gold Shaft Mining
21:05 Scale Barding Armor
21:11 Forging
21:57 Husbandry
21:18 Cavalier
24:28 Chain Barding Armor
24:44 Iron Casting
30:52 Hand Cart
30:23 Town Watch
Batman
11:23 Feudal Age
13:15 Double-Bit Axe
13:26 Gold Mining
15:53 Castle Age
13:40 Horse Collar
14:13 Loom
20:53 Imperial Age
18:59 Fervor
19:44 Bow Saw
19:39 Heavy Plow
19:42 Padded Archer Armor
21:20 Wheelbarrow
26:58 Leather Archer Armor
26:47 Town Watch
30:48 Ring Archer Armor
Connection lost

Rejoining the realm…

Still unreachable

The connection could not be restored.

Session expired

The server has moved on; the page needs a fresh start.